 Dungeon Crawl Stone Soup version 0.25-a0-670-g50981ef59b (webtiles) character file.

Game seed: 13207467706169515108, levelgen mode: deterministic

12124 Aggronaut the Cleaver (level 11, -5/82 HPs)
             Began as a Ghoul Monk on Mar 25, 2020.
             Was an Elder of Makhleb.
             Slain by an elephant (12 damage)
             ... on level 2 of the Lair of Beasts on Mar 29, 2020.
             The game lasted 00:28:34 (10214 turns).

Aggronaut the Cleaver (Ghoul Monk)                 Turns: 10214, Time: 00:28:35

Health: -5/82      AC: 19    Str: 16    XL:     11   Next: 88%
Magic:  16/16      EV: 10    Int:  5    God:    Makhleb [****..]
Gold:   460        SH:  5    Dex: 16    Spells: 10/10 levels left

rFire    . . .     SeeInvis .   z - +10 broad axe of the Sun {flame, Dex+2}
rCold    + + +     Gourm    .   G - +0 buckler
rNeg     + + +     Faith    .   J - +8 chain mail of Hepliaklqana's Favour {rC+ Stlth+}
rPois    ∞         Spirit   .   j - +1 hat
rElec    .         Reflect  .   n - +0 cloak
rCorr    .         Harm     .   (no gloves)
MR       .....                  (no boots)
Stlth    ..........             (no amulet)
HPRegen  0.00/turn              i - ring of protection from cold
MPRegen  0.15/turn              o - +2 ring of evasion

@: rotting
A: rotting body, claws 1, carnivore, cold resistance 1, negative energy
resistance 3, inhibited regeneration, torment resistance, unbreathing
a: Minor Destruction, Lesser Servant of Makhleb, Major Destruction, Renounce
Religion


You were on level 2 of the Lair of Beasts.
You worshipped Makhleb.
Makhleb was greatly pleased with you.
You were not hungry.

You visited 2 branches of the dungeon, and saw 12 of its levels.

You collected 724 gold pieces.
You spent 264 gold pieces at shops.

Inventory:

Hand Weapons
 z - the +10 broad axe of the Sun (weapon) {flame, Dex+2}
   (You found it on level 4 of the Dungeon)

   It has been specially enchanted to burn those struck by it, causing extra
   injury to most foes and up to half again as much damage against particularly
   susceptible opponents.
   Big, fiery blades are also staple armaments of hydra-hunters.
   It affects your dexterity (+2).
Missiles
 e - 3 curare-tipped darts
 r - 29 poisoned darts (quivered)
 E - 6 datura-tipped darts
Armour
 j - a +1 hat (worn)
 n - a +0 cloak (worn)
 G - a +0 buckler (worn)
 J - the +8 chain mail of Hepliaklqana's Favour (worn) {rC+ Stlth+}
   (You found it on level 9 of the Dungeon)

   It protects you from cold.
   It makes you more stealthy.
Jewellery
 i - a ring of protection from cold (left claw)
 m - an uncursed ring of see invisible
 o - a +2 ring of evasion (right claw)
Wands
 k - a wand of iceblast (22)
 v - a wand of flame (29)
Scrolls
 d - 3 scrolls of fear {unknown}
 f - 5 scrolls of remove curse
 g - 3 scrolls of magic mapping
 h - 6 scrolls of teleportation {unknown}
 p - 3 scrolls of enchant armour {unknown}
 s - a scroll of noise {unknown}
 w - a scroll of holy word {unknown}
 y - a scroll of amnesia {unknown}
 A - 3 scrolls of enchant weapon {unknown}
 C - 4 scrolls of blinking {unknown}
 F - a scroll of vulnerability {unknown}
Potions
 a - a potion of ambrosia
 c - 8 potions of curing
 l - 3 potions of heal wounds
 q - a potion of brilliance
 t - 4 potions of stabbing
 u - 2 potions of magic
 x - 2 potions of haste
 B - a potion of invisibility
 D - 4 potions of lignification
 I - 3 potions of might
Comestibles
 b - 25 rations
 H - 6 chunks of flesh


   Skills:
 - Level 3.5 Fighting
 * Level 12.6 Axes
 - Level 4.0 Armour
 - Level 2.9 Dodging
 - Level 2.2 Stealth
 - Level 4.0 Shields
 - Level 7.2 Unarmed Combat
 * Level 9.0 Invocations


You had 10 spell levels left.
You didn't know any spells.
Your spell library contained the following spells:

 Spells                   Type           Power        Failure   Level  Hunger
 Apportation              Tloc           #.....       100%        1    ##.....
 Freeze                   Ice            #...         100%        1    ##.....
 Infusion                 Chrm           #...         100%        1    ##.....
 Magic Dart               Conj           #...         100%        1    ##.....
 Beastly Appendage        Tmut           Unusable     N/A         1    N/A

Dungeon Overview and Level Annotations

Branches:
Dungeon (9/15)             Temple (0/1) D:7            Lair (3/6) D:9
  Swamp: Lair:2-4    Shoals: Lair:2-4     Snake: Lair:2-4    Spider: Lair:2-4
    Orc: D:9-12

Altars:
Dithmenos
Gozag
Hepliaklqana
Kikubaaqudgha
Makhleb
Nemelex Xobeh
Okawaru
Qazlal
Ru
Sif Muna
Trog
Uskayaw
Vehumet
Xom
The Shining One

Shops:
D:4 %   D:7 !

Annotations:
Lair:1 Urug


Innate Abilities, Weirdness & Mutations

Your body is rotting away.
You thrive on raw meat.
You are immune to poison.
You have sharp fingernails.
You are carnivorous and can eat meat at any time.
Your flesh is cold resistant. (rC+)
You are immune to negative energy. (rN+++)
You do not regenerate when monsters are visible.
You are immune to unholy pain and torment.
You can survive without breathing.


Message History

There is a stone staircase leading down here.
You completely miss the elephant.
The elephant tramples you but does no damage.
You block the elephant's attack.
You completely miss the elephant. The elephant tramples you!
* * * LOW HITPOINT WARNING * * *
You hold your ground!
The elephant closely misses you.
You slash the elephant! You burn the elephant.
The elephant is moderately wounded.
The elephant tramples you but does no damage.
The elephant trunk-slaps you but does no damage.
You hit the elephant. You burn the elephant.
The elephant is moderately wounded.
The elephant tramples you.
* * * LOW HITPOINT WARNING * * *
You stumble backwards!
You slash the elephant! You burn the elephant.
The elephant is severely wounded.
The elephant tramples you!
You die...

# #.....P...# #P..........# ##.
#.........# ###....###.## ##
#####'#..## #..### ### # #..####
###..# # #######.#.P### #....##
### # #............#
###...###.### # .)...........#
###..+#.P..P## #
.............####.#..........# ##
.)...........#..@Y.>.........# #.
.............#..##...........###.
P...............###..........#...
#............<..##.........<.'...
.............P#####.......>....##
#.#.###.....### #..#....######.
##### ###..## #######..## ##
##..## ##...# #....# #...## #


You could see an elephant.

Vanquished Creatures
  A hydra (Lair:3)
  A two-headed ogre (D:8)
  A deep elf mage (D:8)
  3 elephants (Lair:3)
  2 black mambas
  Maggie (D:7)
  4 spiny frogs
  3 komodo dragons
  3 hornets (D:8)
  Sigmund (D:2)
  A hungry ghost (D:7)
  Grum (D:8)
  A basilisk (Lair:3)
  A soldier ant (D:8)
  5 water moccasins (Lair:3)
  3 porcupines (Lair:3)
  4 ice beasts
  An orc warrior (D:7)
  4 sky beasts
  A black bear (D:8)
  2 phantoms
  A centaur (D:7)
  8 wolves
  10 ogres
  3 crocodiles
  A bullfrog (D:6)
  2 scorpions
  A wyvern skeleton (D:7)
  2 centaur zombies
  A crimson imp (D:5)
  5 hounds
  A quasit (D:7)
  6 orc priests
  3 jellies
  A bullfrog skeleton (D:9)
  10 orc wizards
  3 iguanas
  A centaur skeleton (D:8)
  Terence (D:2)
  5 worker ants
  A hound zombie (D:7)
  A hound skeleton (D:4)
  A worker ant zombie (D:6)
  Robin (D:2)
  A howler monkey skeleton (D:9)
  9 adders
  An ooze (D:1)
  An adder zombie (D:6)
  2 adder skeletons
  3 worms
  3 dart slugs
  2 leopard geckos
  42 orcs
  2 ball pythons
  7 giant cockroaches
  9 goblins
  7 hobgoblins
  12 jackals
  3 kobolds (D:1)
  3 quokkas
  12 bats
  4 frilled lizards
  A jackal skeleton (D:4)
  2 leopard gecko skeletons
  A leopard gecko zombie (D:3)
  5 rats
  A fungus (Lair:3)
  2 plants (Lair:3)
248 creatures vanquished.

Notes
Turn   | Place    | Note
-------+----------+-------------------------------------------
     0 | D:1      | Aggronaut the Ghoul Monk began the quest for the Orb.
     0 | D:1      | Reached XP level 1. HP: 19/19 MP: 0/0
   188 | D:1      | Reached XP level 2. HP: 6/26 MP: 1/1
   404 | D:1      | Reached XP level 3. HP: 19/31 MP: 2/2
  1068 | D:1      | Reached skill level 1 in Armour
  1164 | D:2      | Noticed Robin
  1194 | D:2      | Killed Robin
  1196 | D:2      | Reached XP level 4. HP: 24/38 MP: 3/3
  1600 | D:2      | Noticed Sigmund
  1632 | D:2      | Killed Sigmund
  1632 | D:2      | Reached XP level 5. HP: 23/45 MP: 4/4
  1633 | D:2      | Upgraded the game from 0.25-a0-663-gace7076f2c to
                  | 0.25-a0-670-g50981ef59b
  1633 | D:2      | Reached XP level 6. HP: 26/51 MP: 5/5
  1776 | D:2      | Noticed Terence
  1782 | D:2      | Killed Terence
  1910 | D:2      | Found a burning altar of Makhleb.
  1914 | D:2      | Became a worshipper of Makhleb the Destroyer
  1914 | D:2      | Reached * piety under Makhleb
  1914 | D:2      | Reached ** piety under Makhleb
  2978 | D:4      | Found Biroimum's Food Boutique.
  3034 | D:4      | Reached XP level 7. HP: 28/57 MP: 6/6
  3145 | D:4      | Got a transparent ring mail
  3178 | D:4      | Identified the cursed +1 ring mail of Zin's Wrath {rC++}
                  | (You found it on level 4 of the Dungeon)
  3179 | D:4      | Got a faintly glowing broad axe
  3180 | D:4      | Identified the +10 broad axe of the Sun {flame, Dex+2} (You
                  | found it on level 4 of the Dungeon)
  3464 | D:4      | Found a hazy altar of Hepliaklqana.
  3478 | D:4      | Found a bloodstained altar of Trog.
  3481 | D:4      | Found a stormy altar of Qazlal.
  3484 | D:4      | Found a sacrificial altar of Ru.
  3732 | D:5      | Entered Level 5 of the Dungeon
  3843 | D:5      | Reached *** piety under Makhleb
  3843 | D:5      | Reached skill level 1 in Axes
  3845 | D:5      | Reached skill level 2 in Axes
  3914 | D:5      | Reached skill level 3 in Axes
  3988 | D:5      | Reached XP level 8. HP: 63/63 MP: 7/7
  4009 | D:5      | Reached skill level 4 in Axes
  4520 | D:6      | Reached skill level 5 in Axes
  4745 | D:6      | Reached skill level 6 in Axes
  5104 | D:7      | Reached skill level 7 in Axes
  5139 | D:7      | Found a staircase to the Ecumenical Temple.
  5139 | D:7      | Noticed Maggie
  5172 | D:7      | Reached XP level 9. HP: 11/68 MP: 8/8
  5429 | D:7      | Reached skill level 1 in Shields
  5462 | D:7      | Killed Maggie
  5504 | D:7      | Reached skill level 8 in Axes
  5667 | D:7      | Found a hide-covered altar of Uskayaw.
  5727 | D:7      | Found Bailiawk's Distillery.
  5735 | D:7      | Bought a potion of heal wounds for 60 gold pieces
  5735 | D:7      | Bought a potion of curing for 36 gold pieces
  5735 | D:7      | Bought a potion of haste for 120 gold pieces
  5735 | D:7      | Bought a potion of might for 48 gold pieces
  5777 | D:7      | Found a radiant altar of Vehumet.
  5890 | D:7      | Found an iron altar of Okawaru.
  5892 | D:7      | Found an ancient bone altar of Kikubaaqudgha.
  5892 | D:7      | Found a bloodstained altar of Trog.
  5897 | D:7      | Found a shimmering altar of Xom.
  5897 | D:7      | Found an iron altar of Okawaru.
  5897 | D:7      | Found a shadowy altar of Dithmenos.
  5985 | D:7      | Reached **** piety under Makhleb
  6153 | D:8      | Noticed a deep elf mage
  6159 | D:8      | Killed a deep elf mage
  6159 | D:8      | Reached skill level 9 in Axes
  6284 | D:8      | Reached XP level 10. HP: 77/77 MP: 9/9
  6340 | D:8      | Noticed a two-headed ogre
  6378 | D:8      | Killed a two-headed ogre
  6378 | D:8      | Reached skill level 10 in Axes
  6527 | D:8      | Reached skill level 1 in Invocations
  6808 | D:8      | Noticed Grum
  6845 | D:8      | Killed Grum
  6845 | D:8      | Reached skill level 11 in Axes
  7042 | D:8      | Found a sparkling altar of Nemelex Xobeh.
  7568 | D:9      | Found a shimmering blue altar of Sif Muna.
  7844 | D:9      | Reached skill level 5 in Invocations
  7847 | D:9      | Identified First Steps in Thaumaturgy
  7905 | D:9      | Found an iron altar of Okawaru.
  7905 | D:9      | Found a glowing golden altar of the Shining One.
  7911 | D:9      | Found an ancient bone altar of Kikubaaqudgha.
  7914 | D:9      | Found an opulent altar of Gozag.
  7992 | D:9      | Found a staircase to the Lair.
  8034 | D:9      | Got a fine chain mail
  8046 | D:9      | Identified the +8 chain mail of Hepliaklqana's Favour {rC+
                  | Stlth+} (You found it on level 9 of the Dungeon)
  8096 | Lair:1   | Entered Level 1 of the Lair of Beasts
  8096 | Lair:1   | Noticed a black mamba
  8103 | Lair:1   | Killed a black mamba
  8103 | Lair:1   | Reached XP level 11. HP: 70/82 MP: 14/14
  8227 | Lair:1   | HP: 1/82 [komodo dragon (21)]
  8292 | Lair:1   | Noticed Urug
  8292 | Lair:1   | You fall into a shaft and drop 1 floor!
  8307 | Lair:2   | Reached ***** piety under Makhleb
  9069 | Lair:3   | Reached skill level 12 in Axes
  9165 | Lair:3   | Noticed an eight-headed hydra
  9745 | Lair:3   | Killed a one-headed hydra
 10214 | Lair:2   | Slain by an elephant

Levels and vault maps discovered:
D:1:      minmay_arrival_checkered_box, layout_basic, minivault_5,
          chequers_serial_rivers_room_b
D:2:      layout_loops_ring, overflow_temple_1_default,
          kennysheep_generic_room_15, uniq_robin, uniq_terence, uniq_sigmund
D:3:      layout_basic, first_ration
D:4:      layout_loops_ring, grunt_temple_overflow_cloverleaf, serial_shops,
          shop_fountains
D:5:      layout_loops_ring, chequers_serial_rivers_room_a
D:6:      layout_loops_ring
D:7:      layout_loops_cross, doesnt_xom_only_xom, lemuel_crystal_altar,
          kennysheep_little_box, minmay_temple_entry_drinking_statues,
          serial_shops, shop, uniq_maggie
D:8:      layout_cave_pods, hangedman_pestilent_swarm,
          nemelex_xobeh_ov_fountains_minmay, uniq_grum
D:9:      layout_grid_maze, minitemple, lair_entry_dummy, basic_altar
Lair:1:   layout_misc_corridors, basic_altar, uniq_urug
Lair:2:   layout_roguey, serial_bayou_shore_a
Lair:3:   layout_cave_pods, lemuel_fruit_tree

Skill      XL: |  1  2  3  4  5  6  7  8  9 10 11 |
---------------+----------------------------------+-----
Unarmed Combat | 4 6 7 |  7.2
Armour         | 1 2 3 4 |  4.0
Axes           | 3 7 9 11 12 | 12.6
Shields        | 4 |  4.0
Invocations    | 5 9 |  9.0
Fighting       | |  3.5
Dodging        | |  2.9
Stealth        | |  2.2

Action                   |  1- 3 |  4- 6 |  7- 9 | 10-12 || total
-------------------------+-------+-------+-------+-------++-------
Melee: Unarmed           |   108 |   227 |    25 |       ||   360
       Punch             |       |     4 |     5 |       ||     9
       Broad axe         |       |       |   164 |   247 ||   411
  Use: Scroll            |       |     7 |     3 |     6 ||    16
       Potion            |       |     1 |       |     3 ||     4
 Stab: Distracted        |     1 |       |       |       ||     1
       Sleeping          |       |     1 |     4 |     2 ||     7
  Eat: Chunk             |     5 |     4 |    20 |    15 ||    44
Armor: Robe              |     2 |       |       |       ||     2
       Ring mail         |    42 |    15 |    60 |    28 ||   145
       Leather armour    |       |    33 |     2 |       ||    35
       Chain mail        |       |       |       |   108 ||   108
Dodge: Dodged            |    78 |   126 |   101 |   121 ||   426
Block: Buckler           |       |       |    10 |    60 ||    70

Table legend:
 A = Non-vault XP
 B = Vault XP
 C = Vault XP percentage of total XP
 D = Non-vault monster count
 E = Vault monster count
 F = Vault count percentage of total count
                 A         B        C        D         E       F
            +---------+---------+-------+---------+---------+-------
      Total |   14967 |    2354 |  13.6 |     224 |      21 |   8.6
            +---------+---------+-------+---------+---------+-------
        D:1 |      56 |       0 |   0.0 |      28 |       0 |   0.0
        D:2 |      52 |     274 |  84.0 |      14 |      11 |  44.0
        D:3 |     174 |       0 |   0.0 |      30 |       0 |   0.0
        D:4 |     167 |       0 |   0.0 |      17 |       0 |   0.0
        D:5 |     753 |       0 |   0.0 |      20 |       0 |   0.0
        D:6 |     533 |       0 |   0.0 |      16 |       0 |   0.0
        D:7 |    1309 |     415 |  24.1 |      28 |       1 |   3.4
        D:8 |    2775 |    1665 |  37.5 |      25 |       9 |  26.5
        D:9 |     940 |       0 |   0.0 |      17 |       0 |   0.0
     Lair:1 |    2160 |       0 |   0.0 |       7 |       0 |   0.0
     Lair:2 |     476 |       0 |   0.0 |       4 |       0 |   0.0
     Lair:3 |    5572 |       0 |   0.0 |      18 |       0 |   0.0
            +---------+---------+-------+---------+---------+-------
